 Dungeon Crawl Stone Soup version 0.29-a0-271-gd4eb659eea (webtiles) character file.

Game seed: 12611089180769167860

52 Colgate the Vexing (level 3, -5/16 HPs)
             Began as a Spriggan Enchanter on Mar 8, 2022.
             Was a Follower of Qazlal.
             Slain by a gnoll
             ... wielding a +0 spear
              (8 damage)
             ... on level 4 of the Dungeon.
             The game lasted 00:07:50 (3808 turns).

Colgate the Vexing (Spriggan Enchanter)             Turns: 3808, Time: 00:07:51

Health: -5/16      AC:  2    Str:  4    XL:     3   Next: 60%
Magic:  6/8        EV: 17    Int: 18    God:    Qazlal [*.....]
Gold:   170        SH:  2    Dex: 15    Spells: 0/8 levels left

rFire   x . .      SeeInvis +   a - +1 dagger
rCold   + . .      Faith    .   (no shield)
rNeg    . . .      Spirit   .   d - +0 robe
rPois   .          Reflect  .   (helmet restricted)
rElec   .          Harm     .   (no cloak)
rCorr   .          Rampage  .   (gloves unavailable)
Will    .....                   (boots unavailable)
Stlth   ++........              l - amulet of regeneration
HPRegen 0.85/turn               e - ring of ice
MPRegen 0.11/turn               (no ring)

@: studying Short Blades, very quick
A: very small, no large weapons, unfitting armour, see invisible, speed 3
a: Renounce Religion


You were on level 4 of the Dungeon.
You worshipped Qazlal.
Qazlal was aware of your devotion.
You visited 1 branch of the dungeon, and saw 4 of its levels.

You collected 170 gold pieces.

Inventory:

Hand Weapons
 a - a +1 dagger (weapon)
 b - a +0 rapier
 j - a +0 short sword of venom
Armour
 d - a +0 robe (worn)
Jewellery
 e - a ring of ice (left hand)
 l - an amulet of regeneration (around neck)
Wands
 r - a wand of mindburst (5)
Scrolls
 f - a scroll of immolation
 g - a scroll of amnesia {unknown}
 k - 4 scrolls of summoning
 o - a scroll of noise {unknown}
 p - a scroll of enchant weapon {unknown}
 q - a scroll of vulnerability {unknown}
 u - a scroll of enchant armour {unknown}
Potions
 c - 3 potions of invisibility
 h - a potion of curing {unknown}
 i - a potion of resistance {@q5}
 m - a potion of degeneration {unknown}
 n - a potion of berserk rage {unknown}
 s - a potion of heal wounds {unknown}
 t - a potion of flight {unknown}


   Skills:
 - Level 1.1 Short Blades
 - Level 2.6 Dodging
 - Level 4.4 Stealth
 - Level 3.0 Spellcasting
 + Level 5.5 Hexes


You couldn't memorise any spells.
You knew the following spells:

 Your Spells              Type           Power      Damage    Failure   Level
a - Ensorcelled Hibernat  Hex/Ice        36%        N/A       8%          2
b - Tukima's Dance        Hex            22%        N/A       4%          3
c - Confusing Touch       Hex            22%        N/A       4%          3

Your spell library contained the following spells:

 Spells                   Type           Power      Damage    Failure   Level
 Animate Skeleton         Necr           4%         N/A       16%         1
 Pain                     Necr           8%         1d4       16%         1
 Sting                    Tmut/Pois      8%         1d3       16%         1
 Dazzling Flash           Conj/Hex       24%        N/A       16%         3
 Poisonous Vapours        Pois/Air       4%         N/A       24%         2
 Spider Form              Tmut/Pois      2%         N/A       43%         3
 Vampiric Draining        Necr           2%         2d6       43%         3
 Anguish                  Hex/Necr       6%         N/A       45%         4
 Olgreb's Toxic Radiance  Pois           2%         N/A       85%         4


Dungeon Overview and Level Annotations

Branches:
Dungeon (4/15)
 Temple: D:4-7

Altars:
Qazlal


Innate Abilities, Weirdness & Mutations

You are very small and have problems with some larger weapons.
You are too small for most types of armour.
You have supernaturally acute eyesight. (SInv)
You cover ground extremely quickly. (Speed+++)


Message History

You impale the bat!!
You kill the bat!
Qazlal accepts your kill.
Okay, then.
You see here a +0 long sword.
You see here a +0 war axe.
You see here a +0 rapier.
You now have 170 gold pieces (gained 9).
u - a scroll labelled YMMYOMIPIRR Done exploring.
Done exploring.
Done exploring.
Done exploring.
(D) Dungeon
Where to? (Enter - D:3, ? - help)
There is a stone staircase leading down here.
You climb downwards.
The gnoll shouts!
The gnoll shaman shouts!
The gnoll shouts!
Found 2 scrolls of identify and a bubbling white potion.
Found a stone staircase leading up.
There is a stone staircase leading up here.
There are monsters nearby!
You see here a bubbling white potion.
Found 15 gold pieces.
The gnoll shouts!
The gnoll hits you with a +0 spear.
An iguana comes into view.
You feel a surge of power!
The gnoll looks drowsy...
The helpless gnoll fails to defend itself.
You puncture the gnoll!
You kill the gnoll!
Qazlal accepts your kill.
The gnoll hits you from afar with a +0 spear.
There is a stone staircase leading up here.
The gnoll shaman hits you with a +0 club!
Ouch! That really hurt!
* * * LOW HITPOINT WARNING * * *
The gnoll hits you from afar with a +0 spear!
Ouch! That really hurt!
You die...

###########
##.....#....
##...........
#....g.......
#..g..)......
#..?g....l...
#..@.........
#...<.......$
#..............
###............
#.#..........
#.#.........#
....#........
.#..#........


You could see a gnoll shaman, an iguana and 2 gnolls.

Vanquished Creatures
  A gnoll (D:4)
  A dart slug (D:1)
  4 endoplasms
  4 giant cockroaches
  6 goblins
  3 hobgoblins
  2 quokkas (D:2)
  A ball python (D:1)
  5 bats
  A frilled lizard (D:1)
  3 kobolds
  7 rats
38 creatures vanquished.

Vanquished Creatures (collateral kills)
  A kobold (D:3)
1 creature vanquished.

Grand Total: 39 creatures vanquished

Notes
Turn   | Place    | Note
-------+----------+-------------------------------------------
     0 | D:1      | Colgate the Spriggan Enchanter began the quest for the Orb.
     0 | D:1      | Reached XP level 1. HP: 9/9 MP: 5/5
    70 | D:1      | Reached skill level 4 in Hexes
   354 | D:1      | Reached XP level 2. HP: 13/13 MP: 6/6
   358 | D:1      | Learned a level 2 spell: Ensorcelled Hibernation
   530 | D:1      | Found a faded altar of an unknown god.
   580 | D:1      | Prayed at the altar of an unknown god.
   580 | D:1      | Became a worshipper of Qazlal Stormbringer
   580 | D:1      | Reached * piety under Qazlal
  1222 | D:2      | Reached skill level 5 in Hexes
  1635 | D:2      | Reached XP level 3. HP: 16/16 MP: 5/8
  1738 | D:2      | Learned a level 3 spell: Tukima's Dance
  1742 | D:2      | Learned a level 3 spell: Confusing Touch
  3808 | D:4      | Slain by a gnoll

Illustrated notes

Levels and vault maps discovered:
D:1:      enne_arrival_octagon_isle, layout_loops_ring,
          hellmonk_ecumenical_altar_run_dry
D:2:      layout_basic
D:3:      layout_basic
D:4:      wad_river_or_something, layout_rooms

Skill      XL: |  1  2  3 |
---------------+----------+-----
Hexes          | 4 5 |  5.5
Spellcasting   | 3 |  3.0
Short Blades   | |  1.1
Dodging        | |  2.6
Stealth        | |  4.4

Action                   || total
-------------------------++-------
Melee: Dagger            ||    44
       Short sword       ||    10
 Cast: Ensorcelled Hiber ||    42
       Tukima's Dance    ||     1
  Use: Scroll            ||     3
 Stab: Sleeping          ||    25
Armor: Robe              ||     8
Dodge: Dodged            ||    43
Block: Other             ||     1

Table legend: (Time is in decaauts)
 A = Elapsed time spent in this place.
 B = Non-inter-level travel time spent in this place.
 C = Inter-level travel time spent in this place.
 D = Time resting spent in this place.
 E = Time spent auto-exploring this place.
 F = Levels seen in this place.
 G = Mean time per level.
                   A        B        C        D        E       F      G
               +--------+--------+--------+--------+--------+-----+--------+
         Total |   2768 |   2711 |     57 |    124 |   2175 |   4 |  692.0 |
       Dungeon |   2768 |   2711 |     57 |    124 |   2175 |   4 |  692.0 |
               +--------+--------+--------+--------+--------+-----+--------+

Top non-repeatable levels by time:
     D:2: 1123 daAuts
     D:1: 871 daAuts
     D:3: 769 daAuts
     D:4: 5 daAuts
